 Dungeon Crawl Stone Soup version 0.20-b1 (webtiles) character file.

44 inmateoo the Stinger (level 3, 0/24 HPs)
             Began as a Human Venom Mage on May 18, 2017.
             Slain by a jackal (3 damage)
             ... on level 2 of the Dungeon.
             The game lasted 00:04:38 (1199 turns).

inmateoo the Stinger (Human Venom Mage)             Turns: 1199, Time: 00:04:39

Health: 0/24       AC: -4    Str:  8    XL:     3   Next: 85%
Magic:  0/2        EV: 12    Int: 16    God:
Gold:   201        SH:  0    Dex: 13    Spells: 3/6 levels left

rFire    . . .     SeeInvis .   m - +1 trident (antimagic)
rCold    . . .     Gourm    .   (no shield)
rNeg     . . .     Faith    .   a - +0 robe
rPois    .         Spirit   .   (no helmet)
rElec    .         Reflect  .   (no cloak)
rCorr    .         Harm     .   (no gloves)
MR       .....                  (no boots)
Stlth    ++........             (no amulet)
Regen    0.1/turn               k - -6 ring of protection (curse)
MPRegen  0.1/turn               (no ring)

@: very slightly contaminated
A: no striking features
a: no special abilities


You were on level 2 of the Dungeon.
You were near starving.

You visited 1 branch of the dungeon, and saw 2 of its levels.

You collected 201 gold pieces.

Inventory:

Hand Weapons
 d - a +0 whip
 m - a +1 antimagic trident (weapon)
Armour
 a - a +0 robe (worn)
Jewellery
 k - a cursed -6 ring of protection (left hand)
Scrolls
 g - a scroll of identify
Potions
 e - a potion of cancellation
 f - 2 potions of lignification
 h - a potion of heal wounds
 l - a potion of brilliance {unknown}
 n - a potion of might {unknown}
Books
 b - a Young Poisoner's Handbook

   Spells                             Type                      Level
   a - Sting                          Conjuration/Poison           1
   b - Poisonous Vapours              Poison/Air                   2
   c - Mephitic Cloud                 Conjuration/Poison/Air       3
   d - Olgreb's Toxic Radiance        Poison                       4
   e - Venom Bolt                     Conjuration/Poison           5
Comestibles
 c - a bread ration
 i - 3 fruits
 j - a royal jelly


   Skills:
 + Level 2.2 Dodging
 + Level 2.2 Stealth
 + Level 2.4 Spellcasting
 + Level 1.1 Conjurations
 * Level 3.8 Poison Magic


You had 3 spell levels left.
You knew the following spells:

 Your Spells              Type           Power        Failure   Level  Hunger
a - Sting                 Conj/Pois      #...         8%          1    #......
b - Poisonous Vapours     Pois/Air       #.....       14%         2    ###....


Dungeon Overview and Level Annotations

Branches:
Dungeon (2/15)

Altars:
Cheibriados
Hepliaklqana
Nemelex Xobeh
Okawaru
Trog
Xom

Annotations:
D:2 2 transporters


Message History

You are too injured to fight recklessly!
Casting: Poisonous Vapours
Confirm with . or Enter, or press ? or * to list all spells.
Aiming: Sting
Press: ? - help, Shift-Dir - straight line, f - jackal, p - jackal
Aim: a jackal The sting hits the jackal.
The jackal is moderately wounded.
The jackal bites you.
* * * LOW HITPOINT WARNING * * *
The jackal bites you.
* * * LOW HITPOINT WARNING * * *
The jackal closely misses you.
Unknown command.
You barely miss the jackal.
The jackal is severely wounded.
The jackal bites you.
* * * LOW HITPOINT WARNING * * *
The jackal barely misses you. The jackal bites you.
You die...

#.######.# ###.....#8..#. #.#
#..# ##.#.....#..#.. ###.# ##.##
#..#..#..#..... ....# ##..#
###....#..©#..... ##### #..##
#..........#..... #.##
##...##(....#...#. ##.#
##....##.....#8.#.. #..#
#...#.)......##.... #.##
#.@h..##......#####
######.########.h#..####.##......
...............(....†###.########
#####.######.....##............._
# #..# ##.#..###.###..######## #
#.## ##.....# #......# # #.#
#.....####..###.# # ##.#
#..##.##....# #.# # #..#
##..##.....### #.#


You could see 2 jackals.

Vanquished Creatures
  An adder (D:2)
  3 dart slugs (D:1)
  A leopard gecko (D:2)
  A giant cockroach (D:2)
  2 goblins
  3 hobgoblins
  2 jackals (D:2)
  4 kobolds
  4 bats
  A frilled lizard (D:2)
  4 rats
  A fungus (D:2)
27 creatures vanquished.

Notes
Turn   | Place    | Note
-------+----------+-------------------------------------------
     0 | D:1      | inmateoo the Human Venom Mage began the quest for the Orb.
     0 | D:1      | Reached XP level 1. HP: 13/13 MP: 3/3
   119 | D:1      | Reached XP level 2. HP: 8/19 MP: 1/5
   594 | D:2      | Reached XP level 3. HP: 21/24 MP: 1/6
   688 | D:2      | Learned a level 2 spell: Poisonous Vapours
   747 | D:2      | Noticed a wyvern
   750 | D:2      | Found a bloodstained altar of Trog.
   751 | D:2      | Found an iron altar of Okawaru.
   772 | D:2      | Found a hazy altar of Hepliaklqana.
   836 | D:2      | Found a sparkling altar of Nemelex Xobeh.
  1138 | D:2      | Found a shimmering altar of Xom.
  1138 | D:2      | Found a snail-covered altar of Cheibriados.
  1199 | D:2      | Slain by a jackal

Action                   || total
-------------------------++-------
Melee: Whip              ||    31
       Trident           ||    15
 Cast: Sting             ||    39
       Poisonous Vapours ||     3
  Use: Scroll            ||     6
Armor: Robe              ||    10
Dodge: Dodged            ||    51
